 Dungeon Crawl Stone Soup version 0.19-a0-1057-g15bb84d (webtiles) character file.

112 JustSomeDude the Skirmisher (level 4, -2/36 HPs)
             Began as a Demonspawn Monk on Aug 2, 2016.
             Was a Believer of Ashenzari.
             Slain by an orc
             ... wielding a +3 trident
              (4 damage)
             ... on level 3 of the Dungeon.
             The game lasted 00:09:38 (2153 turns).

JustSomeDude the Skirmisher (Demonspawn Monk)       Turns: 2153, Time: 00:09:38

Health: -2/36      AC:  7    Str: 10 (13) XL:     4   Next: 64%
Magic:  4/4        EV: 10    Int: 10 (11) God:    Ashenzari [**....]
Gold:   79         SH:  0    Dex: 16 (17) Spells: 0 memorised, 3 levels left

rFire  . . .     SeeInvis .     a - +0 hand axe
rCold  + . .     Gourm    .     s - +0 scale mail (curse)
rNeg   . . .     Faith    .     (no shield)
rPois  .         Spirit   .     (no helmet)
rElec  .         Dismiss  .     e - +0 cloak {MR+} (curse)
rCorr  .         Reflect  .     (no gloves)
SustAt .         Harm     .     (no boots)
MR     +....                    (no amulet)
Stlth  +.........               (no ring)
                                (no ring)

@: very slightly contaminated, somewhat resistant to hostile enchantments, very
unstealthy
A: talons 1, thin skeletal structure 1, cold resistance 1
a: Curse Item, Scrying, Renounce Religion


You were on level 3 of the Dungeon.
You worshipped Ashenzari.
Ashenzari was pleased with you.
You were not hungry.

You visited 1 branch of the dungeon, and saw 3 of its levels.

You collected 79 gold pieces.

Inventory:

Hand Weapons
 a - a +0 hand axe (weapon)
Armour
 e - a cursed +0 cloak of magic resistance (worn)
 s - a cursed +0 scale mail (worn)
Scrolls
 b - a scroll of teleportation {unknown}
 d - 4 scrolls of identify {unknown}
 j - a scroll of magic mapping {unknown}
 l - a scroll of enchant weapon {unknown}
 m - 2 scrolls of remove curse
 o - a scroll of recharging {unknown}
 p - a scroll of noise {unknown}
 r - a scroll of random uselessness {unknown}
Comestibles
 c - a bread ration
 i - a beef jerky
 k - a slice of pizza


   Skills:
 + Level 3.6 Fighting
 + Level 3.4 Axes
 + Level 1.2 Armour
 + Level 3.3 Dodging
 + Level 2.3 Stealth


You had 3 spell levels left.
You didn't know any spells.

Dungeon Overview and Level Annotations

Branches:
Dungeon (3/15)

Altars:
Ashenzari


Innate Abilities, Weirdness & Mutations

You have sharp toenails.
You have a somewhat thin skeletal structure. (Dex +2, Stealth)
Your flesh is cold resistant. (rC+)


Message History

The orc wizard is severely wounded.
You hit the orc.
You kill the orc!
The orc barely misses you.
The goblin shoots a stone.
The stone barely misses you.
The orc wizard hits you but does no damage.
You closely miss the orc wizard.
You claw the orc wizard, but do no damage.
The orc wizard is severely wounded.
The orc hits you from afar with an enchanted trident.
* * * LOW HITPOINT WARNING * * *
The orc wizard casts a spell.
The orc wizard flickers and vanishes!
Deactivating autopickup; reactivate with Ctrl-A.
You barely miss something. The orc hits you but does no damage.
You hear some strange, mumbled words.
A puff of flame appears from out of thin air!
The puff of flame misses you.
The orc hits you from afar with an enchanted trident.
You die...

### #.#...... #..
#........ #, #.###
#.#...... #. #.#.##
#.##..... ###.#
#....####......†.
#.....##......>..(......
#.....#.......#######.#(
#..............# #.#.
.....#@.>....## #.#.
#...g.){...(.## #.#.
#.###o##....## *#.#.
.!g*#.#..... ..#. #.#
#.###### **### #. #.# #
#.#* , .. ,


You could see an orc, a hobgoblin and a goblin.

Vanquished Creatures
  Crazy Yiuf (D:2)
  An adder (D:2)
  An ooze (D:1)
  3 worms (D:2)
  3 dart slugs
  An orc (D:3)
  8 bats
  5 giant cockroaches
  4 goblins
  5 hobgoblins
  6 jackals (D:1)
  A quokka (D:2)
  A giant newt (D:2)
  4 kobolds
  5 rats (D:1)
49 creatures vanquished.

Notes
Turn   | Place    | Note
-------+----------+-------------------------------------------
     0 | D:1      | JustSomeDude the Demonspawn Monk began the quest for the Orb.
     0 | D:1      | Reached XP level 1. HP: 18/18 MP: 1/1
    86 | D:1      | Gained mutation: You have a somewhat thin skeletal structure. (Dex +2, Stealth) [demonic ancestry]
    86 | D:1      | Reached XP level 2. HP: 15/24 MP: 2/2
   411 | D:1      | Gained mutation: You have sharp toenails. [demonic ancestry]
   411 | D:1      | Reached XP level 3. HP: 17/29 MP: 3/3
  1063 | D:2      | Found a runed door.
  1134 | D:2      | Found a shattered altar of Ashenzari.
  1640 | D:2      | Became a worshipper of Ashenzari the Shackled
  1640 | D:2      | Reached * piety under Ashenzari
  1640 | D:2      | Reached ** piety under Ashenzari
  1665 | D:2      | Gained mutation: Your flesh is cold resistant. (rC+) [demonic ancestry]
  1665 | D:2      | Reached XP level 4. HP: 26/36 MP: 4/4
  2042 | D:2      | Noticed Crazy Yiuf
  2048 | D:2      | Paralysed by Crazy Yiuf for 5 turns
  2061 | D:2      | Killed Crazy Yiuf
  2061 | D:2      | Reached skill level 1 in Armour
  2153 | D:3      | Slain by an orc

Vault maps used:
D:1:      dpeg_arrival_tiny_g
D:2:      nicolae_ashenzari_panopticon, uniq_crazy_yiuf_cottage
D:3:      bloody_makhleb, uniq_grinder, uniq_sigmund

Skill      XL: |  1  2  3  4 |
---------------+-------------+-----
Axes           | 3 |  3.4
Stealth        | 2 |  2.3
Dodging        | 3 |  3.3
Armour         | 1 |  1.2
Fighting       | |  3.6

Action                   |  1- 3 |  4- 6 || total
-------------------------+-------+-------++-------
Melee: Hand axe          |   137 |    31 ||   168
       Kick              |    26 |    10 ||    36
Invok: Curse Item        |       |     1 ||     1
  Use: Potion            |     1 |     5 ||     6
 Stab: Sleeping          |     4 |     1 ||     5
  Eat: Chunk             |     2 |     2 ||     4
Armor: Ring mail         |    42 |       ||    42
       Robe              |     1 |       ||     1
       Scale mail        |       |    16 ||    16
Dodge: Dodged            |    95 |    27 ||   122
